 Dungeon Crawl Stone Soup version 0.26-a0-808-g930a2b7adc (webtiles) character file.

Game seed: 1477021142184167160

3398 Notrik the Fighter (level 10, -9/94 HPs)
             Began as a Formicid Fighter on Nov 11, 2020.
             Was a Priest of Okawaru.
             Mangled by an orc warrior
             ... wielding a +0 war axe
              (16 damage)
             ... on level 8 of the Dungeon on Nov 12, 2020.
             The game lasted 00:18:58 (9674 turns).

Notrik the Fighter (Formicid Fighter)               Turns: 9674, Time: 00:18:58

Health: -9/94      AC: 11    Str: 25    XL:     10   Next: 24%
Magic:  12/14      EV: 17    Int:  7    God:    Okawaru [***...]
Gold:   317        SH: 12    Dex: 12    Spells: 9/9 levels left

rFire    . . .     SeeInvis +   F - +0 battleaxe
rCold    . . .     Faith    .   c - +0 kite shield
rNeg     . . .     Spirit   .   i - +0 ring mail of Birdsong {rCorr Dex+2}
rPois    .         Reflect  .   (helmet unavailable)
rElec    .         Harm     .   r - +0 cloak
rCorr    +         Rampage  .   j - +2 pair of gloves
MR       ++...                  (no boots)
Stlth    ++........             (no amulet)
HPRegen  0.25/turn              v - +4 ring of evasion
MPRegen  0.14/turn              l - ring of protection from magic

@: heroism
A: permanent stasis, dig shafts and tunnels, four strong arms, antennae 3
a: Dig, Shaft Self, Heroism, Renounce Religion


You were on level 8 of the Dungeon.
You worshipped Okawaru.
Okawaru was most pleased with you.
You visited 2 branches of the dungeon, and saw 9 of its levels.
You also visited: Sewer.

You collected 407 gold pieces.
You spent 90 gold pieces at shops.

Inventory:

Hand Weapons
 a - a +1 war axe
 y - a +5 trident
   (You took it off a wight on level 5 of the Dungeon)
 A - a +2 flail of draining
   (You took it off Edmund on level 5 of the Dungeon)
 F - a +0 battleaxe (weapon)
   (You took it off an orc warrior on level 7 of the Dungeon)
Armour
 c - a +0 kite shield (worn)
 i - the +0 ring mail of Birdsong (worn) {rCorr Dex+2}
   (You found it on level 7 of the Dungeon)

   It affects your dexterity (+2).
   It provides partial protection from all sources of acid and corrosion.
 j - a +2 pair of gloves (worn)
   (You found it on level 1 of the Dungeon)
 r - a +0 cloak (worn)
   (You found it on level 2 of the Dungeon)
 D - a +0 plate armour
   (You found it on level 6 of the Dungeon)
Magical Staves
 w - an uncursed staff of death
   (You found it in a sewer)
Jewellery
 l - a ring of protection from magic (right hand)
   (You found it on level 6 of the Dungeon)
 u - an uncursed ring of wizardry
   (You found it in a sewer)
 v - a +4 ring of evasion (left hand)
   (You found it on level 4 of the Dungeon)
 E - an uncursed ring of poison resistance {unknown}
   (You found it on level 8 of the Dungeon)
Wands
 d - a wand of iceblast (9)
   (You found it on level 5 of the Dungeon)
Scrolls
 f - a scroll of amnesia
 g - 11 scrolls of remove curse {@r2}
 o - 2 scrolls of immolation {!r}
 p - 2 scrolls of fear
 z - a scroll of enchant armour {unknown}
 B - 2 scrolls of enchant weapon
Potions
 b - 2 potions of haste {@q3}
 e - a potion of degeneration {!q}
 h - 7 potions of flight
 k - 3 potions of curing {@q1}
 m - a potion of cancellation {unknown}
 n - 3 potions of brilliance
 t - 2 potions of berserk rage
 x - a potion of might
 C - 3 potions of attraction {unknown}


   Skills:
 * Level 14.0(19.0) Fighting
 - Level 2.0(7.0) Axes
 - Level 3.2(8.2) Armour
 - Level 3.6(8.6) Shields
 + Level 5.3 Invocations


You had 9 spell levels left.
You didn't know any spells.
Your spell library contained the following spells:

 Spells                   Type           Power        Failure   Level
 Animate Skeleton         Necr           #.....       58%         1
 Pain                     Necr           #...         58%         1
 Vampiric Draining        Necr           #.........   91%         3
 Animate Dead             Necr           #.........   100%        4
 Agony                    Necr           #.......     100%        5


Dungeon Overview and Level Annotations

Branches:
Dungeon (8/15)             Temple (1/1) D:4           Sewer (visited)
   Lair: D:8-11

Altars:
Ashenzari
Cheibriados
Dithmenos
Elyvilon
Fedhas
Gozag
Hepliaklqana
Kikubaaqudgha
Makhleb
Nemelex Xobeh
Okawaru
Qazlal
Ru
Sif Muna
Trog
Uskayaw
Vehumet
Wu Jian
Xom
Yredelemnul
Zin
The Shining One

Annotations:
D:8 Prince Ribbit


Innate Abilities, Weirdness & Mutations

You cannot be hasted, slowed, berserked, paralysed or teleported.
You can dig through walls and to a lower floor.
Your four strong arms can wield two-handed weapons with a shield.
You have a pair of large antennae on your head. (SInv)


Message History

An orc comes into view. It is wielding a +0 club.
You barely miss the orc.
The orc shouts!
You hit the orc warrior but do no damage.
You barely miss the orc. You closely miss the orc warrior.
The orc hits you but does no damage. You block the orc warrior's attack.
The orc barely misses you.
You slash the orc!
You kill the orc!
Okawaru accepts your kill.
You barely miss the orc warrior. You block the orc warrior's attack.
The orc warrior hits you with a +0 war axe.
The orc closely misses you.
You hit the orc warrior. You barely miss the orc. The orc closely misses you.
The orc warrior hits you with a +0 war axe!
You barely miss the orc warrior. You closely miss the orc.
The orc hits you with a +0 club. The orc warrior closely misses you.
The orc barely misses you. The orc warrior barely misses you.
You barely miss the orc warrior. You slice the orc!!
You kill the orc!
Okawaru accepts your kill. You block the orc warrior's attack.
You block the orc's attack.
You slash the orc warrior! You hit the orc. You block the orc's attack.
The orc warrior hits you with a +0 war axe.
* * * LOW HITPOINT WARNING * * *
Things that are here:
a cursed -2 dagger; 15 gold pieces; an orc corpse You barely miss the orc.
The orc warrior throws a stone.
The stone hits you!
* * * LOW HITPOINT WARNING * * *
The orc hits you with a +0 club.
* * * LOW HITPOINT WARNING * * *
You slice the orc!!
You kill the orc!
Okawaru accepts your kill.
You closely miss the orc warrior. You block the orc warrior's attack.
You hit the orc warrior.
The orc warrior hits you with a +0 war axe!
* * * LOW HITPOINT WARNING * * *
The orc warrior hits you with a +0 war axe!!
* * * LOW HITPOINT WARNING * * *
You feel much better.
Unknown command.
You closely miss the orc warrior.
The orc warrior hits you with a +0 war axe!
* * * LOW HITPOINT WARNING * * *
The orc warrior hits you with a +0 war axe!
* * * LOW HITPOINT WARNING * * *
You gain the combat prowess of a mighty hero.
The orc warrior hits you with a +0 war axe!
You die...

##.# #.## ##.#
#.># #.## #
##.##.#.#
#.#)....#
##.......#
#@).....##
#o##...##
......).# #..#
........# ###
# .......... #
...........##
#
.........#...#
# .........#
#..### #
.........#
#..########


You could see an orc warrior.

Vanquished Creatures
  Eustachio (D:6)
  Edmund (D:5)
  A sky beast (D:6)
  2 orc warriors
  An ice beast (D:5)
  2 phantoms
  A black bear (D:7)
  5 ogres
  A bullfrog (D:8)
  9 killer bees (D:7)
  4 wights (D:5)
  A howler monkey (D:6)
  A centaur zombie (D:6)
  5 hounds
  6 orc wizards
  A quasit (D:6)
  4 bullfrog skeletons
  8 orc priests
  2 jellies (D:5)
  2 iguanas
  A merfolk siren (Sewer)
  7 worker ants
  A killer bee zombie (D:6)
  A merfolk avatar (Sewer)
  A hound skeleton (D:5)
  A worker ant zombie (D:5)
  3 gnolls (D:5)
  6 adders
  2 river rats (Sewer)
  A shadow imp (D:7)
  A white imp (D:6)
  An adder zombie (D:8)
  2 adder skeletons
  3 worms
  3 dart slugs
  11 leopard geckos
  32 orcs
  7 ball pythons
  10 giant cockroaches
  8 goblins
  9 hobgoblins
  15 jackals
  5 quokkas
  9 bats
  20 frilled lizards
  10 kobolds
  A quokka skeleton (D:4)
  28 rats
257 creatures vanquished.

Vanquished Creatures (others)
  A plant (D:1)
1 creature vanquished.

Grand Total: 258 creatures vanquished

Notes
Turn   | Place    | Note
-------+----------+-------------------------------------------
     0 | D:1      | Notrik the Formicid Fighter began the quest for the Orb.
     0 | D:1      | Reached XP level 1. HP: 18/18 MP: 1/1
    53 | D:1      | Reached XP level 2. HP: 18/25 MP: 2/2
    92 | D:1      | Reached skill level 4 in Fighting
   515 | D:1      | Reached XP level 3. HP: 28/31 MP: 3/3
  1152 | D:2      | Reached skill level 5 in Fighting
  1225 | D:2      | Reached XP level 4. HP: 35/39 MP: 4/4
  1267 | D:2      | Found an ancient bone altar of Kikubaaqudgha.
  2588 | D:3      | Reached XP level 5. HP: 46/46 MP: 5/5
  2682 | D:4      | Found a staircase to the Ecumenical Temple.
  2689 | D:4      | Reached skill level 6 in Fighting
  2833 | Temple   | Entered the Ecumenical Temple
  2975 | Temple   | Became a worshipper of Warmaster Okawaru
  3335 | D:4      | Noticed a phantom
  3340 | D:4      | Reached XP level 6. HP: 49/53 MP: 6/6
  3341 | D:4      | Upgraded the game from 0.26-a0-800-g517d6fe721 to
                  | 0.26-a0-808-g930a2b7adc
  3349 | D:4      | Reached skill level 7 in Fighting
  3365 | D:4      | Killed a phantom
  3556 | D:4      | Found Zin's Purification Station.
  3560 | D:4      | Found a glowing silver altar of Zin.
  3565 | D:4      | Bought a potion of curing for 90 gold pieces
  3584 | D:4      | Reached * piety under Okawaru
  3611 | D:4      | Noticed an ogre
  3619 | D:4      | Killed an ogre
  3619 | D:4      | Reached skill level 8 in Fighting
  3619 | D:4      | Reached XP level 7. HP: 63/63 MP: 7/7
  3940 | D:5      | Entered Level 5 of the Dungeon
  4026 | D:5      | Reached skill level 9 in Fighting
  4108 | D:5      | Found an ornate altar of the Wu Jian Council.
  4370 | D:5      | Reached XP level 8. HP: 60/72 MP: 8/8
  4371 | D:5      | Found a glowing drain.
  4393 | Sewer    | Entered a sewer
  4637 | Sewer    | Reached skill level 10 in Fighting
  5060 | D:5      | Reached ** piety under Okawaru
  5300 | D:5      | Found a shimmering altar of Xom.
  5319 | D:5      | Reached skill level 11 in Fighting
  5652 | D:6      | Noticed Edmund
  5872 | D:5      | Killed Edmund
  6014 | D:6      | Reached XP level 9. HP: 61/82 MP: 9/9
  6169 | D:6      | Found a glowing golden altar of the Shining One.
  6303 | D:6      | Found a radiant altar of Vehumet.
  6392 | D:6      | Reached skill level 12 in Fighting
  6799 | D:6      | Noticed Eustachio
  6825 | D:6      | Killed Eustachio
  6825 | D:6      | Reached skill level 1 in Invocations
  7041 | D:6      | Found a stormy altar of Qazlal.
  7134 | D:6      | You fall into a shaft and drop 2 floors!
  7496 | D:7      | Reached skill level 13 in Fighting
  7537 | D:7      | Reached *** piety under Okawaru
  8417 | D:7      | Got a twisted ring mail
  8429 | D:7      | Identified the +0 ring mail of Birdsong {rCorr Dex+2} (You
                  | found it on level 7 of the Dungeon)
  8497 | D:7      | Reached XP level 10. HP: 80/92 MP: 13/13
  9273 | D:8      | Noticed Prince Ribbit
  9287 | D:8      | Reached skill level 5 in Invocations
  9630 | D:8      | Reached skill level 14 in Fighting
  9671 | D:8      | HP: 4/94 [orc warrior/+0 war axe (18)]
  9674 | D:8      | Mangled by an orc warrior

Illustrated notes

Levels and vault maps discovered:
D:1:      tarquinn_simple_flora_water_b, layout_basic, minmay_lizard_king
D:2:      layout_loops_ring, old_standard_altar, minmay_close_crescents
D:3:      layout_loops_cross
D:4:      layout_basic, zin_purify, minmay_temple_entry_wispy,
          minmay_misc_feat_room, corexii_item_surrounded_by_moat
D:5:      layout_cave_pods, kennysheep_mini, nicolae_overflow_hidden_temple,
          gup_sewer_entry_pipe
D:6:      cheibrodos_quashed, layout_layer_cave, old_standard_altar,
          kennysheep_little_box, basic_altar, minmay_three_doors,
          uniq_eustachio, uniq_edmund
D:7:      layout_basic
D:8:      layout_cave_pods, special_room [special_room_orc],
          uniq_prince_ribbit1, uniq_maurice
Temple:   eino_temple_rhombus

Skill      XL: |  1  2  3  4  5  6  7  8  9 10 |
---------------+-------------------------------+-----
Fighting       | 4 5 6 8 9 11 13 14 | 14.0
Invocations    | 4 5 |  5.3
Axes           | |  2.0
Armour         | |  3.2
Shields        | |  3.6

Action                   |  1- 3 |  4- 6 |  7- 9 | 10-12 || total
-------------------------+-------+-------+-------+-------++-------
Melee: War axe           |   129 |   213 |   248 |       ||   590
       Trident           |       |       |    41 |       ||    41
       Flail             |       |       |   140 |       ||   140
       Battleaxe         |       |       |   133 |    97 ||   230
Invok: Heroism           |       |       |     3 |     2 ||     5
  Use: Scroll            |       |       |    17 |       ||    17
       Potion            |       |       |     5 |     1 ||     6
Armor: Scale mail        |    74 |   109 |   163 |       ||   346
       Plate armour      |       |       |   185 |       ||   185
       Ring mail         |       |       |     3 |    25 ||    28
Dodge: Dodged            |    44 |    63 |   438 |    38 ||   583
Block: Kite shield       |    78 |   108 |   419 |    50 ||   655

Table legend: (Time is in decaauts)
 A = Elapsed time spent in this place.
 B = Non-inter-level travel time spent in this place.
 C = Inter-level travel time spent in this place.
 D = Time resting spent in this place.
 E = Time spent auto-exploring this place.
 F = Levels seen in this place.
 G = Mean time per level.
                   A        B        C        D        E       F      G
               +--------+--------+--------+--------+--------+-----+--------+
         Total |  10213 |   9800 |    413 |   1264 |   6191 |  10 | 1021.3 |
       Dungeon |   9235 |   8866 |    369 |   1015 |   5817 |   8 | 1154.4 |
        Temple |    422 |    378 |     44 |    249 |    112 |   1 |  422.0 |
         Sewer |    555 |    555 |      0 |      0 |    262 |   1 |  555.0 |
               +--------+--------+--------+--------+--------+-----+--------+

Top non-repeatable levels by time:
     D:7: 2015 daAuts
     D:5: 1644 daAuts
     D:2: 1235 daAuts
     D:6: 1207 daAuts
     D:1: 950 daAuts
     D:4: 883 daAuts
     D:8: 681 daAuts
     D:3: 616 daAuts
   Sewer: 555 daAuts
  Temple: 422 daAuts
